 Dungeon Crawl Stone Soup version 0.30-a0-354-g6b83867211 (webtiles) character file.

Game seed: 14852342713208710706

9374 LnG the Unseen (level 11, 0/61 HPs)
             Began as a Kobold Summoner on Nov 7, 2022.
             Was an Elder of Dithmenos.
             Slain by an unseen horror (9 damage)
             ... on level 10 of the Dungeon.
             The game lasted 00:36:45 (12642 turns).

LnG the Unseen (Kobold Summoner)                   Turns: 12642, Time: 00:36:45

Health: 0/61       AC:  9    Str:  6    XL:     11   Next: 73%
Magic:  9/20       EV: 15    Int: 20    God:    Dithmenos [****..]
Gold:   615        SH:  0    Dex: 16    Spells: 9/22 levels left

rFire   . . .      SeeInvis .    i - +1 rapier (vorpal)
rCold   . . .      Faith    .    (no shield)
rNeg    . . .      Spirit   .    C - +0 swamp dragon scales
rPois   +          Reflect  .    j - +0 helmet
rElec   .          Harm     .    E - scarf {repulsion}
rCorr   +          Rampage  .    (no gloves)
Will    .....                    m - +0 pair of boots
Stlth   +++++++++.               (no amulet)
HPRegen 0.30/turn                f - ring of resist corrosion
MPRegen 0.17/turn                H - ring of poison resistance

@: flying, very slightly contaminated, wreathed by umbra, repel missiles
A: small, no large weapons, nightstalker 3
a: Renounce Religion, Shadow Step


You were on level 10 of the Dungeon.
You worshipped Dithmenos.
Dithmenos was greatly pleased with you.
You visited 3 branches of the dungeon, and saw 12 of its levels.
You also visited: Ossuary.

You collected 615 gold pieces.

Inventory:

Hand Weapons
 c - a +0 dagger
 i - a +1 vorpal rapier (weapon)
Armour
 a - a +0 robe
 j - a +0 helmet (worn)
 m - a +0 pair of boots (worn)
 B - a +0 cloak
 C - +0 swamp dragon scales (worn)
 E - a scarf of repulsion (worn)
Jewellery
 f - a ring of resist corrosion (left hand)
 h - a ring of ice
 o - a ring of fire
 H - a ring of poison resistance (right hand)
Wands
 k - a wand of charming (21)
 w - a wand of flame (36)
 F - a wand of iceblast (2)
Scrolls
 e - a scroll of silence
 l - 5 scrolls of amnesia
 n - a scroll of noise
 s - 2 scrolls of enchant armour
 u - 2 scrolls of fog
 z - 2 scrolls of immolation
 D - 2 scrolls of magic mapping
Potions
 b - 2 potions of magic
 d - 3 potions of haste
 p - a potion of might
 r - 2 potions of degeneration {unknown}
 t - 3 potions of mutation {unknown}
 x - 4 potions of curing
 A - 2 potions of ambrosia {unknown}
 G - a potion of resistance {unknown}


   Skills:
 + Level 4.2 Fighting
 + Level 9.0 Short Blades
 + Level 1.9 Armour
 * Level 9.2 Dodging
 * Level 15.1 Stealth
 + Level 6.1 Spellcasting
 + Level 1.2 Hexes
 + Level 7.0 Summonings
 + Level 0.1 Air Magic


You had 9 spell levels left.
You knew the following spells:

 Your Spells              Type           Power      Damage    Failure   Level
a - Summon Small Mammal   Summ           100%       N/A       2%          1
b - Call Imp              Summ           34%        N/A       3%          2
c - Call Canine Familiar  Summ           34%        N/A       6%          3
d - Summon Guardian Gole  Hex/Summ       22%        N/A       22%         3
e - Summon Lightning Spi  Summ/Air       20%        N/A       65%         4

Your spell library contained the following spells:

 Spells                   Type           Power      Damage    Failure   Level
 Sandblast                Erth           12%        2d6       36%         1
 Passwall                 Tmut/Erth      5%         N/A       52%         2
 Tukima's Dance           Hex            10%        N/A       58%         3
 Inner Flame              Hex/Fire       8%         N/A       67%         3
 Portal Projectile        Hex/Tloc       16%        N/A       67%         3
 Gell's Gravitas          Tloc           6%         N/A       75%         3
 Stone Arrow              Conj/Erth      12%        3d7       75%         3
 Teleport Other           Tloc           6%         N/A       75%         3
 Leda's Liquefaction      Hex/Erth       4%         N/A       97%         4
 Flame Wave               Conj/Fire      6%         2d5       98%         4
 Passage of Golubria      Tloc           6%         N/A       98%         4
 Sticky Flame             Conj/Fire      6%         2d3       98%         4
 Yara's Violent Unravell  Hex/Tmut       4%         3d4       100%        5
 Dispersal                Tloc           3%         N/A       100%        6
 Orb of Destruction       Conj           3%         9d5       100%        7
 Spellforged Servitor     Conj/Summ      10%        N/A       100%        7


Dungeon Overview and Level Annotations

Branches:
Dungeon (10/15)            Temple (1/1) D:4            Lair (1/5) D:10
    Orc (0/2) D:9         Ossuary (visited)

Altars:
Cheibriados
Dithmenos
Elyvilon
Fedhas
Kikubaaqudgha
Makhleb
Nemelex Xobeh
Okawaru
Qazlal
Ru
Sif Muna
Uskayaw
Vehumet
Wu Jian
Yredelemnul
Zin
The Shining One

Shops:
D:4 :


Innate Abilities, Weirdness & Mutations

You are small and have problems with some larger weapons.
You are completely attuned to the shadows.


Message History

Found a runed ring mail.
Something hits you! The warg bites you but does no damage.
You see here 18 gold pieces.
Something hits you! Something hits you but does no damage.
Something hits you but does no damage. The warg closely misses you.
Something hits you but does no damage. x2
You puncture the warg!
The warg is heavily wounded.
Something hits you. The warg bites you but does no damage.
You puncture the warg! Your punch misses the warg.
The warg is almost dead.
Something hits you.
* * * LOW HITPOINT WARNING * * *
The warg bites you!
* * * LOW HITPOINT WARNING * * *
You hit the warg.
You kill the warg!
Dithmenos accepts your kill. Something hits you but does no damage.
Something hits you.
* * * LOW HITPOINT WARNING * * *
You feel much better. Something hits you but does no damage.
Casting: Call Canine Familiar (dangerous; 6% risk of failure)
Confirm with . or Enter, or press ? or * to list all spells.
You miscast Call Canine Familiar.
You are very lightly contaminated with residual magic.
Nothing appears to happen.
You feel a little less mighty now. Something hits you!
* * * LOW HITPOINT WARNING * * *
Something hits you.
* * * LOW HITPOINT WARNING * * *
You hit something. Something hits you but does no damage.
Casting: Call Canine Familiar (dangerous; 6% risk of failure)
Confirm with . or Enter, or press ? or * to list all spells.
Something barely misses you. Something hits you.
* * * LOW HITPOINT WARNING * * *
Something hits you!
You die...

....#. .####. #. ##. #....## ..#
#.. ##..[..## ..## ##..
#.......###...# #....##... ##
##..$......#...##..........#
..####......†.h.@...............#
.........$.................).....
#...)............................
#...#.........................)..
...###................####.....<.
.:## #...(.... ......####....†.
..# #....#.. .......###...... .##
##...# ###.....#....... .# #...#
###### ###...........


You could see a friendly hound (summoned).

Vanquished Creatures
  A hydra (D:10)
  2 two-headed ogres
  An orc sorcerer (D:8)
  Maggie (D:9)
  A hornet (D:10)
  6 yaks
  A wraith (D:7)
  A wyvern (D:9)
  A human (shapeshifter) (D:10)
  Grum (D:8)
  2 steam dragons
  A warg (D:10)
  An acid dragon (D:10)
  A water moccasin (D:7)
  2 sky beasts
  An ice beast (D:5)
  A black bear (D:7)
  2 orc warriors
  3 wolves (D:8)
  An ogre (D:5)
  2 centaurs
  4 kobold brigands
  2 gnoll sergeants
  Blork the orc (D:6)
  3 bullfrogs
  4 scorpions
  A water moccasin zombie (Ossuary)
  10 wights
  A hound (D:4)
  3 jellies
  2 orc priests
  3 iguanas
  5 orc wizards
  A mummy (Ossuary)
  8 gnolls
  7 adders
  2 river rats (D:4)
  2 ufetubi
  6 adder zombies (Ossuary)
  2 worms
  3 dart slugs
  22 orcs
  5 bats
  6 endoplasms
  4 giant cockroaches
  4 gnoll zombies (Ossuary)
  9 goblins
  10 hobgoblins
  4 quokkas
  6 ball pythons
  4 frilled lizards
  A hobgoblin zombie (Ossuary)
  16 kobolds
  2 kobold zombies (Ossuary)
  6 orc zombies (Ossuary)
  7 rats
209 creatures vanquished.

Vanquished Creatures (collateral kills)
  A black bear (D:4)
  A necrophage (D:8)
  A scorpion (D:5)
  2 water moccasin zombies (Ossuary)
  2 wights
  4 orc priests
  An orc wizard (D:7)
  A centaur simulacrum (D:10)
  A mummy (Ossuary)
  2 adders
  5 gnolls
  A worm (D:2)
  6 orcs
  A giant cockroach (D:4)
  A ball python (D:1)
  A bat (D:3)
  A frilled lizard (D:1)
  A goblin (D:1)
  A kobold (D:1)
  A kobold zombie (Ossuary)
  2 rats (D:4)
37 creatures vanquished.

Vanquished Creatures (others)
  A mana viper (shapeshifter) (D:10)
  A jumping spider (shapeshifter) (D:10)
  2 orc warriors (D:9)
  2 wights (D:7)
  An orc wizard (D:10)
  2 fungi (Lair:1)
  A plant (Lair:1)
10 creatures vanquished.

Grand Total: 256 creatures vanquished

Notes
Turn   | Place    | Note
-------+----------+-------------------------------------------
     0 | D:1      | LnG the Kobold Summoner began the quest for the Orb.
     0 | D:1      | Reached XP level 1. HP: 10/10 MP: 3/3
   158 | D:1      | Reached XP level 2. HP: 15/15 MP: 5/5
   165 | D:1      | Learned a level 2 spell: Call Imp
   224 | D:1      | Reached skill level 1 in Short Blades
   300 | D:1      | Reached skill level 3 in Stealth
   728 | D:1      | Reached XP level 3. HP: 19/19 MP: 6/6
   732 | D:1      | Learned a level 3 spell: Call Canine Familiar
  1207 | D:2      | Reached skill level 4 in Stealth
  1243 | D:2      | Reached XP level 4. HP: 24/24 MP: 7/7
  2567 | D:3      | Reached XP level 5. HP: 28/28 MP: 8/8
  2701 | D:3      | Found a sacrificial altar of Ru.
  3113 | D:4      | Found Koguy's Book Boutique.
  3117 | D:4      | Noticed a black bear
  3129 | D:4      | Reached skill level 5 in Stealth
  3421 | D:4      | Found a staircase to the Ecumenical Temple.
  3429 | Temple   | Entered the Ecumenical Temple
  3507 | Temple   | Became a worshipper of Dithmenos the Shadowed
  3537 | D:4      | Reached XP level 6. HP: 29/33 MP: 3/9
  3636 | D:4      | Reached skill level 6 in Stealth
  4021 | D:4      | Found a glowing silver altar of Zin.
  4039 | D:4      | Killed a black bear
  4040 | D:4      | Reached skill level 1 in Fighting
  4196 | D:4      | Reached XP level 7. HP: 27/38 MP: 11/11
  4325 | D:5      | Entered Level 5 of the Dungeon
  4716 | D:5      | Reached skill level 7 in Stealth
  4956 | D:5      | Reached skill level 5 in Dodging
  4968 | D:5      | Reached * piety under Dithmenos
  5211 | D:5      | Reached XP level 8. HP: 44/44 MP: 12/12
  5215 | D:5      | Learned a level 3 spell: Summon Guardian Golem
  5220 | D:5      | Learned a level 4 spell: Summon Lightning Spire
  5768 | D:6      | Noticed Blork the orc
  5772 | D:6      | Killed Blork the orc
  5773 | D:6      | Reached skill level 8 in Stealth
  5895 | D:6      | Reached skill level 5 in Short Blades
  6126 | D:6      | Reached skill level 9 in Stealth
  6362 | D:7      | Reached skill level 5 in Summonings
  6497 | D:7      | Found an ancient bone altar of Kikubaaqudgha.
  6497 | D:7      | Found a sparkling altar of Nemelex Xobeh.
  6532 | D:7      | Reached skill level 10 in Stealth
  6532 | D:7      | Reached XP level 9. HP: 49/49 MP: 14/14
  6867 | D:7      | Reached ** piety under Dithmenos
  7518 | D:7      | Reached skill level 11 in Stealth
  7935 | D:8      | Found a sand-covered staircase.
  7942 | Ossuary  | Entered an ossuary
  8482 | D:8      | Reached *** piety under Dithmenos
  8769 | D:8      | Reached XP level 10. HP: 53/55 MP: 16/16
  8798 | D:8      | Reached skill level 12 in Stealth
  8883 | D:8      | Noticed an orc sorcerer
  8887 | D:8      | Killed an orc sorcerer
  9374 | D:8      | Reached skill level 5 in Spellcasting
  9717 | D:8      | Noticed Grum
  9722 | D:8      | Killed Grum
  9723 | D:8      | Reached skill level 13 in Stealth
 10010 | D:9      | Noticed Maggie
 10014 | D:9      | Killed Maggie
 10329 | D:9      | Noticed a two-headed ogre
 10333 | D:9      | Killed a two-headed ogre
 10621 | D:9      | Reached XP level 11. HP: 60/60 MP: 19/19
 11034 | D:9      | Reached skill level 14 in Stealth
 11494 | D:9      | Found a staircase to the Orcish Mines.
 11618 | D:9      | Reached skill level 1 in Armour
 11664 | D:10     | Entered Level 10 of the Dungeon
 11682 | D:10     | Reached **** piety under Dithmenos
 11962 | D:10     | Noticed a two-headed ogre
 11978 | D:10     | Killed a two-headed ogre
 12161 | D:10     | a guardian serpent changed into a mana viper
 12161 | D:10     | Noticed a mana viper (shapeshifter)
 12167 | D:10     | Killed a mana viper
 12168 | D:10     | Reached skill level 15 in Stealth
 12340 | D:10     | Noticed a five-headed hydra
 12357 | D:10     | a queen bee changed into an entropy weaver
 12357 | D:10     | Noticed an entropy weaver (shapeshifter)
 12376 | D:10     | Killed a five-headed hydra
 12377 | D:10     | Reached skill level 1 in Hexes
 12423 | D:10     | Found a staircase to the Lair.
 12426 | Lair:1   | Entered Level 1 of the Lair of Beasts
 12635 | D:10     | HP: 2/61 [something (3)]
 12642 | D:10     | Slain by an unseen horror

Illustrated notes

Levels and vault maps discovered:
D:1:      lemuel_arrival_funnel, layout_basic
D:2:      layout_loops_ring, minmay_domino_4
D:3:      layout_loops_ring, old_standard_altar, minmay_pentangle
D:4:      layout_loops_cross, mainiacjoe_overflow_concentric_impassable,
          minmay_temple_entry_nine_rooms, serial_shops, nicolae_diamond_shop,
          portal_sewer_entry_b
D:5:      layout_loops_ring, grunt_decor_resistance, minmay_crystal_water,
          minmay_misc_feat_enclosed, minmay_misc_feat_nine_boxes,
          minmay_strange_pillars, item_on_display_a
D:6:      layout_rooms, kennysheep_opposing_triangles, uniq_blork_the_orc
D:7:      layout_cave_pools, gammafunk_temple_overflow_wave, fountainhead
D:8:      cheibrodos_wizards_tower, layout_layer_cave, enter_ossuary_1,
          uniq_grum
D:9:      layout_basic, david_orc_4, kennysheep_generic_room_14, uniq_maggie
D:10:     hangedman_cross_veins, layout_layer_cave, erik_lair_orcish_takeover,
          serial_shops, nicolae_shop_behind_doors
Temple:   nicolae_temple_two_arcs
Lair:1:   layout_cave_shapes, infiniplex_staircase_pool_2, serial_bayou_shore_b

Skill      XL: |  1  2  3  4  5  6  7  8  9 10 11 |
---------------+----------------------------------+-----
Short Blades   | 1 2 4 5 6 8 9 |  9.0
Stealth        | 3 4 5 6 7 10 11 13 15 | 15.1
Dodging        | 3 4 5 6 7 8 9 |  9.2
Fighting       | 1 2 3 4 |  4.2
Spellcasting   | 3 4 5 6 |  6.1
Summonings     | 5 6 7 |  7.0
Armour         | 1 |  1.9
Hexes          | 1 |  1.2
Air Magic      | |  0.1

Action                   |  1- 3 |  4- 6 |  7- 9 | 10-12 || total
-------------------------+-------+-------+-------+-------++-------
Melee: Dagger            |    87 |    71 |       |       ||   158
       Rapier            |       |   113 |   301 |   269 ||   683
       Punch             |       |     3 |     6 |     2 ||    11
 Cast: Summon Small Mamm |     2 |     2 |     2 |     2 ||     8
       Call Imp          |     2 |     4 |    12 |     8 ||    26
       Call Canine Famil |       |     6 |    26 |    26 ||    58
       Summon Guardian G |       |       |     4 |    14 ||    18
       Summon Lightning  |       |       |       |     1 ||     1
  Use: Scroll            |       |     5 |    11 |    10 ||    26
       Potion            |       |       |     6 |     6 ||    12
 Stab: Sleeping          |    15 |    18 |    41 |    27 ||   101
       Distracted        |       |     1 |     5 |     1 ||     7
       Betrayed ally     |       |       |     1 |       ||     1
Armor: Robe              |     5 |    22 |    29 |     7 ||    63
       Skin              |       |       |    10 |       ||    10
       Swamp dragon scal |       |       |       |    68 ||    68
Dodge: Dodged            |    59 |   138 |   258 |   195 ||   650
       Repelled          |       |       |       |     2 ||     2

Table legend: (Time is in decaauts)
 A = Elapsed time spent in this place.
 B = Non-inter-level travel time spent in this place.
 C = Inter-level travel time spent in this place.
 D = Time resting spent in this place.
 E = Time spent auto-exploring this place.
 F = Levels seen in this place.
 G = Mean time per level.
                   A        B        C        D        E       F      G
               +--------+--------+--------+--------+--------+-----+--------+
         Total |  12594 |  12040 |    554 |   1869 |   7243 |  13 |  968.8 |
       Dungeon |  12123 |  11587 |    536 |   1661 |   7185 |  10 | 1212.3 |
        Temple |     86 |     68 |     18 |      0 |     58 |   1 |   86.0 |
          Lair |    125 |    125 |      0 |    118 |      0 |   1 |  125.0 |
       Ossuary |    259 |    259 |      0 |     90 |      0 |   1 |  259.0 |
               +--------+--------+--------+--------+--------+-----+--------+

Top non-repeatable levels by time:
     D:7: 2008 daAuts
     D:9: 1597 daAuts
     D:8: 1458 daAuts
     D:5: 1371 daAuts
     D:4: 1259 daAuts
     D:1: 1025 daAuts
     D:3: 1001 daAuts
     D:2: 957 daAuts
    D:10: 727 daAuts
     D:6: 714 daAuts
 Ossuary: 259 daAuts
  Lair:1: 125 daAuts
  Temple: 86 daAuts
